 Dungeon Crawl Stone Soup version 0.31-a0-1101-g9ad1905e61 (webtiles) character file.

Game seed: 18151615197065683328

247 Dirtsage the Changeling (level 6, -1/41 HPs)
             Began as an Octopode Shapeshifter on Dec 1, 2023.
             Slain by Dowan
             ... wielding a +2 dagger of venom
              (5 damage)
             ... on level 4 of the Dungeon.
             The game lasted 00:04:47 (2469 turns).

Dirtsage the Changeling (Octopode Shapeshifter)     Turns: 2469, Time: 00:04:47

Health: -1/41      AC:  1    Str: 13    XL:     6   Next: 11%
Magic:  6/6        EV: 13    Int: 13    God:
Gold:   219        SH:  0    Dex: 19    Spells: 5/5 levels left

rFire   + .          .
                       - Unarmed
rCold   + . .        m - orb {light}
rNeg    . . .        (helmet currently unavailable)
rPois   +            (no amulet)
rElec   +            f - +6 ring of dexterity
rCorr   +            (no ring)
SInv    .            (no ring)
Will    .....        (no ring)
Stlth   +            (no ring)
HPRegen 0.26/turn    (no ring)
MPRegen 0.10/turn    (no ring)
                     (no ring)

%: no passive effects
@: lethally poisoned (-1 -> -6), lit by a corona, beast-form, resistant,
attractive, glowing
A: beast (slay +2), almost no armour, amphibious, 8 rings, camouflage 1,
gelatinous body 1, (nimble swimmer 1), tentacles
a: Begin Untransformation


You were on level 4 of the Dungeon.
You were a hulking beast.
You visited 1 branch of the dungeon, and saw 4 of its levels.

You collected 219 gold pieces.

Inventory:

Armour
 k - a +1 hat
 m - an orb of light (worn)
Jewellery
 f - a +6 ring of dexterity (left tentacle)
Talismans
 b - a beast talisman
 c - a flux talisman
 e - a flux talisman
Wands
 h - a wand of iceblast (12)
Scrolls
 i - a scroll of identify
 l - a scroll of noise
 n - a scroll of enchant armour
Potions
 a - a potion of lignification
 d - a potion of ambrosia {unknown}
 j - a potion of enlightenment {unknown}
 o - a potion of berserk rage {unknown}
 q - 2 potions of curing


   Skills:
 + Level 2.8 Fighting
 - Level 2.0 Dodging
 + Level 4.1 Unarmed Combat
 * Level 0.6 Ice Magic
 * Level 4.8 Shapeshifting


You had 5 spell levels left.
You didn't know any spells.
Your spell library contained the following spells:

 Spells                   Type           Power      Damage    Failure   Level
 Summon Small Mammal      Summ           0%         N/A       30%         1
 Cigotuvi's Dreadful Rot  Necr/Pois/Air  0%         N/A       43%         2
 Ozocubu's Armour         Ice            1%         N/A       56%         3
 Call Canine Familiar     Summ           0%         N/A       67%         3
 Summon Guardian Golem    Hex/Summ       0%         N/A       67%         3
 Dispel Undead            Necr           0%         3d6       97%         4
 Death Channel            Necr           0%         N/A       100%        6
 Ozocubu's Refrigeration  Ice            0%         4d7       100%        7


Dungeon Overview and Level Annotations

Branches:
Dungeon (4/15)
 Temple: D:4-7

Altars:
Dithmenos
Nemelex Xobeh
Trog
Vehumet

Shops:
D:2 *

Annotations:
D:4 Dowan, Natasha


Innate Abilities, Weirdness & Mutations

You are a hulking beast.
Your limbs bulge with bestial killing power. (Slay +2)
You cannot wear most types of armour.
You are amphibious.
You can wear up to eight rings at the same time.
Your skin changes colour to match your surroundings (Stealth+).
Your rubbery body absorbs attacks. (AC +1, EV +1)
((You are camouflaged when in or above water. (Stealth+)))
You have tentacles for arms and can constrict up to eight enemies at once.


Message History

The quokka completely misses you. Dowan is attracted toward you.
You take 3 damage, and have 6/41 hp.
You feel better. Dowan misses you. The endoplasm closely misses you.
The endoplasm misses you. The quokka barely misses you.
You regained 6 hp, and now have 12/41 hp.
It was a potion of resistance.
You feel protected.
Dowan points at you and mumbles some strange words.
The puff of frost misses you. The endoplasm freezes you.
You are frozen.
You resist.
* * * LOW HITPOINT WARNING * * *
The endoplasm hits you but does no damage.
The quokka bites you but does no damage.
You take 1 damage, and have 11/41 hp.
You strike the helpless Duvessa from behind!
You release spores at Duvessa!
Duvessa is almost dead.
Dowan misses you.
Duvessa chortles and stares into space.
The endoplasm completely misses you. The endoplasm hits you.
* * * LOW HITPOINT WARNING * * *
The quokka completely misses you. Duvessa is attracted toward you.
You release spores at Duvessa!
You kill Duvessa!
Dowan's eyes darken. "You have made a grave mistake."
Dowan seems to find hidden reserves of power!
You stop sporulating.
Your orb of light unmelds from your body.
You turn into a hulking beast.
Dowan breathes, "And she was my only..."
Dowan hits you with a +2 dagger of venom.
* * * LOW HITPOINT WARNING * * *
You are poisoned.
The quokka closely misses you. The endoplasm barely misses you.
The endoplasm hits you.
* * * LOW HITPOINT WARNING * * *
Natasha, Servant of Life and Death comes into view.
Dowan hits you with a +2 dagger of venom.
You die...

..........#
..........#### .
.......##....# ..#
#..###..##..###....
#.# #...###.#......
## ##..#..........
#......##......
##...er## ###.##
#..ยง)hJ.# .#
#...).J..#
#..........#
#...#.......#
##.##......... ##
...........
......##....
.##..h. >..


You could see Dowan (fast), Natasha, 2 endoplasms and a quokka.

Vanquished Creatures
  Duvessa (D:4)
  A scorpion (D:3)
  2 hounds (D:4)
  An iguana (D:4)
  A gnoll (D:1)
  2 adders
  A worm (D:3)
  5 orcs (D:3)
  5 bats
  6 endoplasms
  4 giant cockroaches
  7 goblins
  5 hobgoblins
  3 jackals (D:1)
  5 kobolds
  4 quokkas
  8 ball pythons
  5 frilled lizards
  4 rats
70 creatures vanquished.

Notes
Turn   | Place    | Note
-------+----------+-------------------------------------------
     0 | D:1      | Dirtsage the Octopode Shapeshifter began the quest for the
                  | Orb.
     0 | D:1      | Reached XP level 1. HP: 13/13 MP: 1/1
    53 | D:1      | Reached XP level 2. HP: 17/18 MP: 2/2
   181 | D:1      | Reached XP level 3. HP: 23/23 MP: 3/3
   699 | D:2      | Found a sparkling altar of Nemelex Xobeh.
   869 | D:2      | Reached XP level 4. HP: 26/29 MP: 4/4
  1282 | D:2      | Found Omychux's Assorted Antiques.
  1534 | D:3      | Found a shadowy altar of Dithmenos.
  1601 | D:3      | Found a bloodstained altar of Trog.
  1606 | D:3      | Found a radiant altar of Vehumet.
  1750 | D:3      | Noticed a scorpion
  1758 | D:3      | Killed a scorpion
  1759 | D:3      | Reached XP level 5. HP: 12/35 MP: 5/5
  2351 | D:4      | Reached XP level 6. HP: 21/41 MP: 6/6
  2447 | D:4      | Noticed Duvessa
  2448 | D:4      | Noticed Dowan
  2469 | D:4      | Killed Duvessa
  2469 | D:4      | Noticed Natasha
  2469 | D:4      | Slain by Dowan

Illustrated notes

Levels and vault maps discovered:
D:1:      nzn_arrival_settlement, layout_rooms,
          wander_ebering_terrifying_dragon_lair
D:2:      layout_basic, serial_shops, nicolae_shop_competitors_out_of_business,
          basic_altar
D:3:      layout_basic, mainiacjoe_overflow_surrounded_room, minitemple
D:4:      layout_cave_pools, uniq_pikel, uniq_duvessa, uniq_natasha,
          uniq_sigmund

Skill      XL: |  1  2  3  4  5 |
---------------+----------------+-----
Fighting       | 2 |  2.8
Shapeshifting  | 4 |  4.8
Unarmed Combat | 4 |  4.1
Dodging        | |  2.0
Ice Magic      | |  0.6

Action                     |  1- 3 |  4- 6 || total
---------------------------+-------+-------++-------
  Melee: Unarmed           |    68 |    71 ||   139
         Constrict         |    20 |    22 ||    42
         Tentacles         |    12 |    18 ||    30
         Punch             |     1 |     2 ||     3
    Use: Potion            |       |     4 ||     4
         Scroll            |       |     2 ||     2
   Stab: Sleeping          |     5 |     1 ||     6
         Distracted        |     1 |       ||     1
         Confused          |       |     2 ||     2
 Armour: Skin              |    17 |    53 ||    70
  Dodge: Dodged            |    36 |    60 ||    96

Table legend: (Time is in decaauts)
 A = Elapsed time spent in this place.
 B = Non-inter-level travel time spent in this place.
 C = Inter-level travel time spent in this place.
 D = Time resting spent in this place.
 E = Time spent auto-exploring this place.
 F = Levels seen in this place.
 G = Mean time per level.
                   A        B        C        D        E       F      G
               +--------+--------+--------+--------+--------+-----+--------+
         Total |   2458 |   2368 |     90 |      0 |   1964 |   4 |  614.5 |
       Dungeon |   2458 |   2368 |     90 |      0 |   1964 |   4 |  614.5 |
               +--------+--------+--------+--------+--------+-----+--------+

Top non-repeatable levels by time:
     D:3: 908 daAuts
     D:2: 735 daAuts
     D:1: 638 daAuts
     D:4: 176 daAuts
